 Dungeon Crawl Stone Soup version 0.22.1-6-g1668fe2c40 (webtiles) character file.

5554 Kohma the Transmogrifier (level 10, -3/84 HPs)
             Began as a Black Draconian Transmuter on Jan 25, 2019.
             Was a Believer of Sif Muna.
             Slain by a three-headed hydra (18 damage)
             ... on level 8 of the Dungeon.
             The game lasted 00:41:33 (12135 turns).

Kohma the Transmogrifier (DrTm)                    Turns: 12135, Time: 00:41:34

Health: -3/84      AC:  2    Str: 13    XL:     10   Next: 44%
Magic:  9/14       EV: 19    Int: 16    God:    Sif Muna [**....]
Gold:   374        SH:  0    Dex: 17    Spells: 0/15 levels left

rFire    . . .     SeeInvis .     - Unarmed
rCold    . . .     Gourm    .   (shield currently unavailable)
rNeg     + . .     Faith    .   (armour unavailable)
rPois    x         Spirit   .   (helmet currently unavailable)
rElec    .         Reflect  .   (cloak currently unavailable)
rCorr    .         Harm     .   (gloves currently unavailable)
MR       .....                  (boots currently unavailable)
Stlth    ++........             o - amulet of the acrobat
HPRegen  0.24/turn              z - ring of positive energy
MPRegen  0.14/turn              (no ring)

@: spider-form
A: tiny, (breathe lightning), unfitting armour, AC +7
a: End Transformation, Divine Energy, Renounce Religion


You were on level 8 of the Dungeon.
You worshipped Sif Muna.
Sif Muna was pleased with you.
You were not hungry.
You were a venomous arachnid creature.
You visited 2 branches of the dungeon, and saw 9 of its levels.

You collected 563 gold pieces.
You spent 189 gold pieces at shops.

Inventory:

Hand Weapons
 b - a +3 hunting sling
Missiles
 q - 23 poisoned needles
 t - 49 sling bullets
 w - 57 arrows
 C - 4 throwing nets (quivered)
Armour
 n - a cursed +2 pair of boots (melded)
 y - a +0 cloak (melded)
Jewellery
 o - an amulet of the acrobat (around neck)
 z - a ring of positive energy (left front leg)
Wands
 h - a wand of polymorph (10)
 l - a wand of iceblast (17)
 s - a wand of random effects (34)
Scrolls
 d - a scroll of blinking
 f - 3 scrolls of magic mapping
 j - 3 scrolls of enchant armour
 k - 5 scrolls of teleportation
 u - 4 scrolls of remove curse
 x - a scroll of enchant weapon {unknown}
 B - a scroll of immolation
Potions
 a - a potion of heal wounds
 e - 2 potions of ambrosia {unknown}
 g - a potion of might {unknown}
 i - a potion of flight
 m - 4 potions of lignification
 p - a potion of resistance
 r - 3 potions of curing
 v - a potion of berserk rage {unknown}
 A - a potion of degeneration {unknown}
Comestibles
 c - 11 rations
 D - 4 chunks of flesh


   Skills:
 + Level 6.5 Fighting
 - Level 1.7 Dodging
 * Level 8.0 Unarmed Combat
 - Level 3.0 Spellcasting
 * Level 9.4 Transmutations
 - Level 5.0 Ice Magic
 - Level 5.0 Poison Magic
 + Level 3.0 Evocations


You couldn't memorise any spells.
You knew the following spells:

 Your Spells              Type           Power        Failure   Level  Hunger
a - Beastly Appendage     Tmut           ####..       3%          1    #......
b - Sticks to Snakes      Tmut           ####....     3%          2    ##.....
c - Spider Form           Tmut/Pois      ####......   11%         3    ###....
d - Ice Form              Ice/Tmut       ####....     24%         4    #####..
e - Blade Hands           Tmut           ####......   26%         5    ######.

Your spell library contained the following spells:

 Spells                   Type           Power        Failure   Level  Hunger


Dungeon Overview and Level Annotations

Branches:
Dungeon (8/15)             Temple (1/1) D:4
   Lair: D:8-11

Altars:
Ashenzari
Cheibriados
Dithmenos
Elyvilon
Fedhas
Gozag
Hepliaklqana
Kikubaaqudgha
Makhleb
Nemelex Xobeh
Okawaru
Qazlal
Ru
Sif Muna
Trog
Uskayaw
Wu Jian
Xom
Yredelemnul
Zin
The Shining One

Shops:
D:4 ?


Innate Abilities, Weirdness & Mutations

((You can breathe wild blasts of lightning.))
((Your glossy black scales are hard. (AC +7)))
You cannot fit into any form of body armour.
((You are resistant to electric shocks. (rElec)))
((You are cold-blooded and may be slowed by cold attacks.))


Message History

The three-headed hydra bites your ball python!
Your ball python dies!
The three-headed hydra misses your ball python.
The three-headed hydra bites your ball python!
Your ball python dies!
Casting: Sticks to Snakes (safe; 3% risk of failure)
Confirm with . or Enter, or press ? or * to list all spells.
You create 2 snakes!
You now have 57 arrows.
Your adder bites the three-headed hydra.
Your adder barely misses the big kobold.
The big kobold hits something with a falchion of flaming!
The big kobold burns something.
You hit the three-headed hydra but do no damage.
The three-headed hydra is heavily wounded.
Your adder bites the three-headed hydra.
The three-headed hydra bites you!
* * * LOW HITPOINT WARNING * * *
The three-headed hydra bites you but does no damage.
The three-headed hydra bites you!!
You die...

#.##.##.##.......###
# #)##.##.##.#.##
#.##.##.##......#
#.......##.......
#.##.#.## ### #
#.#.# #... #.#.#
+.... #S#.#
+%.P..###S#s#
+.%.%≈ooK.D.#
#.....###S### #P≈P§
#.# #≈≈≈ #.# '.P #.#
## #$. #.# #..


You could see a three-headed hydra, a big kobold, an orc wizard, an orc and a
friendly adder.

Vanquished Creatures
  Harold (D:7)
  A two-headed ogre (D:8)
  Prince Ribbit (D:7)
  A hippogriff (D:8)
  3 wraiths (D:8)
  A wyvern (D:8)
  Menkaure (D:4)
  A water moccasin (D:6)
  Duvessa (D:4)
  An orc warrior (D:7)
  2 ice beasts (D:6)
  3 ogres
  2 centaurs
  2 bullfrogs
  2 big kobolds (D:3)
  2 elf zombies (D:8)
  Dowan (D:4)
  4 scorpions
  5 wights (D:8)
  A howler monkey (D:7)
  A crimson imp (D:5)
  3 human zombies (D:8)
  7 hounds
  2 bullfrog skeletons (D:5)
  A jelly (D:7)
  An iguana (D:7)
  Natasha (thrice) (D:3)
  A human skeleton (D:8)
  9 orc wizards
  8 worker ants
  A mummy (D:8)
  A howler monkey zombie (D:6)
  13 gnolls
  4 adders
  An adder zombie (D:7)
  A worm (D:6)
  A dart slug (D:1)
  5 leopard geckos
  28 orcs
  5 giant cockroaches
  38 goblins
  22 hobgoblins
  12 jackals
  6 quokkas
  4 bats
  A frilled lizard (D:4)
  A jackal skeleton (D:4)
  5 kobolds
  A leopard gecko skeleton (D:4)
  9 rats
231 creatures vanquished.

Vanquished Creatures (collateral kills)
  An ice beast (D:4)
  A worker ant (D:4)
  A hound skeleton (D:4)
  4 gnolls
  3 adders
  2 hobgoblins (D:3)
  4 goblins
  A kobold (D:2)
  A rat (D:2)
18 creatures vanquished.

Grand Total: 249 creatures vanquished

Notes
Turn   | Place    | Note
-------+----------+-------------------------------------------
     0 | D:1      | Kohma the Draconian Transmuter began the quest for the Orb.
     0 | D:1      | Reached XP level 1. HP: 16/16 MP: 3/3
   101 | D:1      | Reached XP level 2. HP: 20/23 MP: 3/5
   116 | D:1      | Learned a level 2 spell: Sticks to Snakes
   545 | D:1      | Reached XP level 3. HP: 28/28 MP: 4/6
   550 | D:1      | Learned a level 3 spell: Spider Form
   840 | D:2      | Reached skill level 1 in Poison Magic
   983 | D:2      | Reached XP level 4. HP: 35/35 MP: 3/7
  1137 | D:3      | Reached skill level 3 in Transmutations
  1860 | D:3      | Reached XP level 5. HP: 39/40 MP: 6/9
  1869 | D:3      | Found a blossoming altar of Fedhas.
  1977 | D:3      | Noticed Natasha
  1995 | D:3      | Killed Natasha
  2273 | D:3      | Noticed Natasha
  2280 | D:3      | Killed Natasha
  2714 | D:2      | Reached skill level 4 in Transmutations
  3236 | D:3      | Reached XP level 6. HP: 34/47 MP: 8/10
  4188 | D:3      | Noticed Natasha
  4195 | D:3      | Killed Natasha
  4507 | D:4      | Your scales start taking on a glossy black colour.
  4507 | D:4      | Reached XP level 7. HP: 44/55 MP: 6/11
  4507 | D:4      | Gained mutation: You are resistant to electric shocks.
                  | (rElec) [Black Draconian growth]
  4529 | D:4      | Reached skill level 5 in Transmutations
  4835 | D:4      | Noticed Duvessa
  4849 | D:4      | Noticed Dowan
  4852 | D:4      | Killed Duvessa
  4860 | D:4      | HP: 2/56 [Dowan/shard of ice (9)]
  4867 | D:4      | Killed Dowan
  5227 | D:4      | Found Botsecaf's Magic Scroll Boutique.
  5249 | D:4      | Bought a scroll of identify for 28 gold pieces
  5249 | D:4      | Bought a scroll of identify for 28 gold pieces
  5249 | D:4      | Bought a scroll of remove curse for 42 gold pieces
  5249 | D:4      | Bought a scroll of magic mapping for 49 gold pieces
  5249 | D:4      | Bought a scroll of teleportation for 42 gold pieces
  5376 | D:4      | Reached skill level 5 in Poison Magic
  5657 | D:4      | Reached XP level 8. HP: 62/63 MP: 10/12
  5773 | D:4      | Noticed Menkaure
  5784 | D:4      | Killed Menkaure
  5986 | D:4      | Found a staircase to the Ecumenical Temple.
  5998 | Temple   | Entered the Ecumenical Temple
  6048 | Temple   | Became a worshipper of Sif Muna the Loreminder
  6227 | D:4      | Learned a level 4 spell: Ice Form
  6293 | D:5      | Entered Level 5 of the Dungeon
  6300 | D:5      | Reached skill level 5 in Unarmed Combat
  6300 | D:5      | Reached skill level 6 in Transmutations
  6527 | D:5      | Reached skill level 1 in Ice Magic
  7403 | D:6      | Found a sacrificial altar of Ru.
  7467 | D:6      | Reached * piety under Sif Muna
  7534 | D:6      | Reached skill level 7 in Transmutations
  7922 | D:6      | Reached XP level 9. HP: 44/72 MP: 13/13
  8274 | D:6      | Found a basalt altar of Yredelemnul.
  8812 | D:7      | Noticed Harold
  8829 | D:7      | Killed Harold
  8829 | D:7      | Reached ** piety under Sif Muna
  8829 | D:7      | Reached skill level 5 in Fighting
  8829 | D:7      | Reached skill level 8 in Transmutations
  8829 | D:7      | Reached skill level 5 in Ice Magic
  9864 | D:7      | Noticed Prince Ribbit
  9878 | D:7      | Killed Prince Ribbit
  9878 | D:7      | Reached skill level 1 in Evocations
 10400 | D:8      | Reached XP level 10. HP: 37/83 MP: 14/14
 10622 | D:8      | Learned a level 5 spell: Blade Hands
 10658 | D:8      | Found an iron altar of Okawaru.
 11041 | D:8      | Found an ancient bone altar of Kikubaaqudgha.
 11292 | D:8      | Reached skill level 9 in Transmutations
 11758 | D:8      | Noticed a two-headed ogre
 11775 | D:8      | Killed a two-headed ogre
 12116 | D:8      | Noticed a three-headed hydra
 12135 | D:8      | Slain by a three-headed hydra

Skill      XL: |  1  2  3  4  5  6  7  8  9 10 |
---------------+-------------------------------+-----
Poison Magic   | 1 2 3 4 5 |  5.0
Transmutations | 3 4 5 7 8 9 |  9.4
Spellcasting   | 3 |  3.0
Fighting       | 2 3 4 5 6 |  6.5
Unarmed Combat | 4 5 7 8 |  8.0
Ice Magic      | 3 5 |  5.0
Evocations     | 1 3 |  3.0
Dodging        | |  1.7

Action                   |  1- 3 |  4- 6 |  7- 9 | 10-12 || total
-------------------------+-------+-------+-------+-------++-------
Melee: Unarmed           |   129 |   278 |   480 |   161 ||  1048
       Tailslap          |    11 |    14 |    34 |     4 ||    63
       Kick              |     9 |       |       |       ||     9
       Headbutt          |     4 |    19 |    25 |     2 ||    50
       Punch             |     2 |     3 |    10 |     1 ||    16
 Fire: Hunting sling     |       |    10 |       |     3 ||    13
 Cast: Beastly Appendage |    17 |    21 |    21 |     5 ||    64
       Sticks to Snakes  |     4 |    21 |    10 |     9 ||    44
       Spider Form       |       |     6 |    19 |     6 ||    31
       Ice Form          |       |       |       |     2 ||     2
 Abil: Breathe Lightning |       |       |     1 |       ||     1
  Use: Scroll            |       |       |    12 |     1 ||    13
       Potion            |       |       |     3 |       ||     3
 Stab: Distracted        |       |     1 |       |     1 ||     2
       Sleeping          |       |       |       |     2 ||     2
  Eat: Chunk             |     1 |    10 |    15 |     2 ||    28
       Ration            |       |     1 |     2 |     2 ||     5
Armor: Skin              |    47 |    66 |    92 |    22 ||   227
Dodge: Dodged            |   103 |   252 |   329 |    79 ||   763
